 Dungeon Crawl Stone Soup version 0.20.1-1-g8b1a95d (webtiles) character file.

39 Dawnplanks the Skirmisher (level 3, -1/30 HPs)
             Began as a Demonspawn Abyssal Knight on Nov 25, 2017.
             Was a Follower of Lugonu.
             Killed from afar by Sigmund (5 damage)
             ... with a wand of flame (?/48)
             ... on level 2 of the Dungeon.
             The game lasted 00:07:07 (2011 turns).

Dawnplanks the Skirmisher (DsAK)                    Turns: 2011, Time: 00:07:07

Health: -1/30      AC:  3    Str: 13    XL:     3   Next: 26%
Magic:  5/5        EV: 11    Int: 13    God:    Lugonu [*.....]
Gold:   70         SH:  0    Dex: 12    Spells: 2/2 levels left

rFire    . . .     SeeInvis .   a - +1 short sword
rCold    . . .     Gourm    .   (no shield)
rNeg     . . .     Faith    .   f - +0 leather armour
rPois    .         Spirit   .   (no helmet)
rElec    .         Reflect  .   (no cloak)
rCorr    .         Harm     .   (no gloves)
MR       .....                  (no boots)
Stlth    +.........             (no amulet)
Regen    0.1/turn               (no ring)
MPRegen  0.1/turn               (no ring)

@: no status effects
A: rot immunity
a: Depart the Abyss, Renounce Religion


You were on level 2 of the Dungeon.
You worshipped Lugonu.
Lugonu was aware of your devotion.
You were not hungry.

You visited 1 branch of the dungeon, and saw 2 of its levels.
You visited the Abyss 1 time.

You collected 70 gold pieces.

Inventory:

Hand Weapons
 a - a +1 short sword (weapon)
Armour
 b - a +0 leather armour
 f - a +0 leather armour (worn)
Scrolls
 e - 4 scrolls of teleportation {unknown}
 g - 2 scrolls of recharging {unknown}
 h - a scroll of remove curse {unknown}
Potions
 d - a potion of curing {unknown}
 i - a potion of haste {unknown}
 j - a potion of invisibility
 l - a potion of resistance {unknown}
Comestibles
 c - a bread ration
 k - a royal jelly


   Skills:
 + Level 3.7 Fighting
 + Level 2.2 Short Blades
 + Level 2.0 Armour
 + Level 1.0 Dodging
 + Level 0.2 Stealth
 + Level 2.7 Invocations


You had 2 spell levels left.
You didn't know any spells.

Dungeon Overview and Level Annotations

Branches:
Dungeon (2/15)

Altars:

Annotations:
D:2 Sigmund


Innate Abilities, Weirdness & Mutations

You are immune to rotting.


Message History

Press: ? - help, v - describe, . - travel The floor.
Sigmund hits you from afar with a scythe!
Sigmund zaps a wand.
The puff of flame misses you.
It is a wand of flame (?/48).
Sigmund casts a spell at you. The puff of flame hits you!
You closely miss Sigmund. Sigmund completely misses you.
You closely miss Sigmund. You hit Sigmund.
Sigmund is lightly wounded.
Sigmund closely misses you.
You hit Sigmund but do no damage.
Sigmund is lightly wounded.
Sigmund zaps a wand.
The puff of flame hits you!
* * * LOW HITPOINT WARNING * * *
Sigmund misses you.
Sigmund zaps a wand.
The puff of flame misses you.
Sigmund zaps a wand.
The puff of flame hits you!
You die...

###.#.........# #
##.########.#
.#.##.####.######
#(#
..........@.....#
#.#
.#....####.####.#
#.# ###. #.# #.#
#.# # #.# #.# #.#
#.## #.# #.# #@.#
#.###.# ##.#
#.....# .#
#.##### .# #.# .#
#.# .# #.# .# #<#
.# #.# ..#


You could see Sigmund.

Vanquished Creatures
  An ooze (D:1)
  A dart slug (D:1)
  7 goblins (D:1)
  6 hobgoblins (D:1)
  3 jackals (D:1)
  2 kobolds (D:1)
  2 bats
  2 frilled lizards
  6 rats
30 creatures vanquished.

Notes
Turn   | Place    | Note
-------+----------+-------------------------------------------
     0 | Abyss:1  | Dawnplanks the Demonspawn Abyssal Knight began the quest for the Orb.
     0 | Abyss:1  | Reached XP level 1. HP: 18/18 MP: 2/2
    83 | Abyss:1  | Noticed a green death
    83 | Abyss:1  | Noticed a smoke demon
    84 | D:1      | Escaped the Abyss
   595 | D:1      | Gained mutation: You are immune to rotting. [demonic ancestry]
   595 | D:1      | Reached XP level 2. HP: 4/24 MP: 3/3
   876 | D:1      | Reached * piety under Lugonu
  1056 | D:1      | Reached skill level 1 in Dodging
  1437 | D:1      | Reached XP level 3. HP: 19/29 MP: 5/5
  1990 | D:2      | Noticed Sigmund
  2011 | D:2      | Killed from afar by Sigmund

Skill      XL: |  1  2 |
---------------+-------+-----
Short Blades   | 2 |  2.2
Dodging        | 1 |  1.0
Armour         | 2 |  2.0
Fighting       | |  3.7
Stealth        | |  0.2
Invocations    | |  2.7

Action                   || total
-------------------------++-------
Melee: Short sword       ||   121
Invok: Depart the Abyss  ||     1
  Eat: Meat ration       ||     1
Armor: Leather armour    ||    25
Dodge: Dodged            ||    56
